 Dungeon Crawl Stone Soup version 0.19-a0-687-g35db334 (webtiles) character file.

2571718 Shenda the End of an Era (level 27, 106/210 HPs)
             Began as a Gargoyle Fighter on June 17, 2016.
             Was the Champion of Qazlal.
             Escaped with the Orb
             ... and 4 runes on June 18, 2016!
             The game lasted 03:50:53 (63668 turns).

Shenda the End of an Era (Gargoyle Fighter)        Turns: 63668, Time: 03:50:54

Health: 106/210    AC: 72    Str: 29    XL:     27
Magic:  39/39      EV: 17    Int: 16    God:    Qazlal [******]
Gold:   9412       SH: 36    Dex: 19    Spells: 2 memorised, 12 levels left

rFire  . . .     SeeInvis .     w - +8 flail of Okawaru's Outrage {holy, +Rage rN++ Dex+2}
rCold  + + +     Gourm    .     T - +13 crystal plate armour
rNeg   + + +     Faith    .     G - +2 large shield
rPois  ∞         Spirit   .     j - +0 hat {MR+}
rElec  +         Dismiss  .     v - +2 cloak
rCorr  .         Reflect  .     l - +0 pair of gloves
SustAt .         Harm     .     M - +1 pair of boots of Ocroaj {rC+}
MR     ++++.                    J - amulet of regeneration
Stlth  ..........               z - ring "Coajosew" {rC+ Int+5 Stlth+}
                                e - ring "Timnuib" {rPois MR+ Int+4 Dex+4}

@: repel missiles, incredibly resistant to hostile enchantments, extremely
unstealthy
A: big wings, fangs 1, hooves 1, horns 1, repulsion field 1, rugged brown scales
1, agile 2, cold resistance 1, deterioration 2, dopey 2, negative energy
resistance 1, sense surroundings 1, robust 1, screaming 2, electricity
resistance, slow regeneration 1, weak 1, unbreathing, evolution 1, petrification
resistance, rot immunity, subdued magic 1, AC +20
a: Fly, Upheaval, Elemental Force, Disaster Area, Renounce Religion, Evoke
Berserk Rage
0: Orb of Zot
}: 4/15 runes: decaying, slimy, silver, gossamer


You escaped.
You worshipped Qazlal.
Qazlal was exalted by your worship.
You were not hungry.

You visited 12 branches of the dungeon, and saw 58 of its levels.
You also visited: Bailey.

You collected 10326 gold pieces.
You spent 914 gold pieces at shops.

Inventory:

Hand Weapons
 w - the +8 flail of Okawaru's Outrage (weapon) {holy, +Rage rN++ Dex+2}
   (You took it off a deep elf mage on level 3 of the Elven Halls)

   It has been blessed by the Shining One to cause great damage to the undead
   and demons.
   It affects your dexterity (+2).
   It greatly protects you from negative energy.
   It lets you go berserk.
 K - the +11 whip of Gopt {slash, Str+4}
   (You took it off a deep elf knight on level 3 of the Elven Halls)

   It inflicts extra damage upon your enemies.
   It affects your strength (+4).
Armour
 j - a +0 hat of magic resistance (worn)
 l - a +0 pair of gloves (worn)
 v - a +2 cloak (worn)
 G - a +2 large shield (worn)
 M - the +1 pair of boots of Ocroaj (worn) {rC+}
   (You found it in a bailey)

   It protects you from cold.
 T - a +13 crystal plate armour (worn)
Jewellery
 e - the ring "Timnuib" (left hand) {rPois MR+ Int+4 Dex+4}
   (You found it on level 5 of the Realm of Zot)

   [ring of poison resistance]

   It affects your intelligence (+4).
   It affects your dexterity (+4).
   It protects you from poison.
   It affects your resistance to hostile enchantments.
 i - an uncursed ring of resist corrosion
 u - an uncursed ring of see invisible
 z - the ring "Coajosew" (right hand) {rC+ Int+5 Stlth+}
   (You found it on level 9 of the Dungeon)

   [ring of stealth]

   It affects your intelligence (+5).
   It protects you from cold.
   It makes you more stealthy.
 D - an uncursed ring of positive energy
 F - the ring "Ipiweow" {*Corrode +Fly rElec MR++ Stlth+}
   (You took it off a skeletal warrior on level 3 of the Crypt)

   [ring of flight]

   It insulates you from electricity.
   It affects your resistance to hostile enchantments.
   It lets you fly.
   It may corrode you when you take damage.
   It makes you more stealthy.
 H - the ring "Netix" {MR+ Int+6}
   (You found it on level 3 of the Vaults)

   [ring of protection from magic]

   It affects your intelligence (+6).
   It affects your resistance to hostile enchantments.
 J - an amulet of regeneration (around neck)
 R - an uncursed ring of protection from magic
 X - an uncursed ring of protection from fire
Wands
 q - a wand of hasting (7/9)
 B - a wand of teleportation (1/9)
 L - a wand of digging (9/24)
 S - a wand of heal wounds (6/9)
Scrolls
 c - a scroll of summoning
 g - 30 scrolls of teleportation
 h - 18 scrolls of remove curse
 m - 17 scrolls of identify
 s - 3 scrolls of magic mapping
 y - 4 scrolls of fog
 C - 3 scrolls of holy word
 N - 6 scrolls of blinking
 O - 4 scrolls of fear
 Q - 20 scrolls of enchant weapon
 U - 3 scrolls of brand weapon
 V - 7 scrolls of recharging
Potions
 b - 5 potions of agility
 d - 9 potions of might
 k - 6 potions of brilliance
 n - 14 potions of flight
 x - 3 potions of resistance
 E - 30 potions of curing
 I - a potion of berserk rage
 W - 7 potions of cancellation
 Y - 4 potions of heal wounds
 Z - a potion of cure mutation
Comestibles
 a - a slice of pizza
 f - 36 bread rations
 o - 21 beef jerkies
 p - 28 meat rations
 A - 30 fruits
 P - 19 royal jellies


   Skills:
 + Level 22.8 Fighting
 + Level 22.1 Maces & Flails
 + Level 23.5 Armour
 + Level 13.0 Dodging
 + Level 22.5 Shields
 * Level 25.1 Invocations
 + Level 14.8 Evocations


You had 12 spell levels left.
You knew the following spells:

 Your Spells              Type           Power        Failure   Level  Hunger
a - Haste                 Chrm           #.......     100%        6    #######
b - Discord               Hex            #.........   100%        8    #######


Dungeon Overview and Level Annotations

Branches:
Dungeon (15/15)            Temple (1/1) D:6            Lair (6/6) D:10
  Swamp (4/4) Lair:2       Spider (4/4) Lair:2        Slime (5/5) Lair:6
    Orc (2/2) D:11            Elf (3/3) Orc:2        Vaults (5/5) D:13
  Crypt (3/3) Vaults:3       Tomb (0/3) Crypt:3      Depths (5/5) D:15
    Zot (5/5) Depths:5

Altars:
Ashenzari
Cheibriados
Dithmenos
Elyvilon
Fedhas
Gozag
Hepliaklqana
Kikubaaqudgha
Makhleb
Nemelex Xobeh
Okawaru
Pakellas
Qazlal
Ru
Sif Muna
Trog
Uskayaw
Vehumet
Xom
Yredelemnul
Zin
The Shining One
Beogh
Jiyva

Shops:
D:4 :   D:10 *   Orc:2 *?%%*   Elf:1 ((}   Vaults:3 *   Depths:1 *   Depths:2 [
Depths:3 [

Portals:
Hell: Depths:1 Depths:2 Depths:3 Depths:4 Depths:5
Abyss: Depths:2 Depths:4 Depths:5
Pandemonium: Depths:1 Depths:3
Ziggurat: Depths:5


Innate Abilities, Weirdness & Mutations

You are resistant to torment.
Your stone body is resilient. (AC +20)
You are immune to poison.
Your large and strong wings let you fly indefinitely.
You resist negative energy. (rN+)
You are resistant to electric shocks. (rElec)
You can survive without breathing.
You are immune to petrification.
You are immune to rotting.
You have very sharp teeth.
You have large cloven feet.
You have a pair of small horns on your head.
You are surrounded by a mild repulsion field. (EV +2)
You are partially covered in rugged brown scales. (AC +1, +3% HP)
You are very agile. (Dex +4)
Your flesh is cold resistant. (rC+)
Your body often deteriorates upon taking damage.
You are very dopey. (Int -4)
You passively map a small area around you.
You are robust. (+10% HP)
You sometimes yell uncontrollably at your foes.
You regenerate slowly when monsters are visible.
You are weak. (Str -2)
You evolve.
Your spells are a little easier to cast, but a little less powerful.


Message History

Qazlal accepts your kill.
You bludgeon the shadow imp!!
You kill the shadow imp!
Qazlal accepts your kill.
No target in view!
Press: ? - help, v - describe, . - travel The floor.
This square is covered in magical glow.
A red devil, a balrug and a sun demon come into view.
The balrug is wielding a demon whip of pain.
The red devil is wielding a demon trident of draining.
The sun demon moves out of view.
You open the door. The balrug gestures at you.
The fireball explodes!
The fireball engulfs you!
You hear a sizzling sound!
A neqoxec comes into view.
There is an open door here.
There is an open door here.
There is a staircase leading out of the dungeon here.
You have escaped!

#.# ####..##....#####.....###
#.###.........#....####....(#
#........3.............##.#..
#..........3...........##.##.
#...########2########..##.###
#...####...§34...####.......#
#...##.........8...##..##.#..
#...#......#'#...8..#).##..##
#...'.....##@##.....'..###.#
#...'.....##>##.....'..# #.#
#...#..8...#'#......#..# #.#
#..†##...8.........##..# #.##
#...####.........####..# #..#
#...########'########..# ##..
#.....(................# ###
#......................# #
#...............##.##### #


You could see a balrug, a sun demon, a neqoxec and a red devil.

Vanquished Creatures
  the Royal Jelly (Slime:5)
  A seraph (D:4)
  12 ancient liches
  4 orbs of fire
  Mara (Depths:4)
  A juggernaut (Depths:3)
  A greater mummy (Crypt:3)
  3 Killer Klowns
  4 curse toes
  The ghost of Sagrath01 the Formicid Blade, a veteran FoFi of Makhleb (Crypt:2)
  12 golden dragons
  A profane servitor (Crypt:3)
  Nikola (Spider:2)
  Arachne (Spider:4)
  7 liches
  3 bone dragons
  the Enchantress (Depths:5)
  Jorgrun (Depths:5)
  3 electric golems (Zot:5)
  Rupert (D:13)
  21 tentacled monstrosities
  A Hell Sentinel (Depths:1)
  3 deep elf blademasters
  22 Orb Guardians
  9 death cobs
  A quicksilver dragon (Vaults:5)
  5 titans
  An ancient champion (Crypt:2)
  25 acid blobs
  2 deep elf master archers (Elf:3)
  5 sphinxes
  Gastronok (Lair:2)
  9 tengu reavers
  3 thorn hunters
  18 storm dragons
  18 azure jellies
  2 draconian monks
  12 shadow dragons
  The ghost of Shenda the Peltast, an adept GrFi of Hepliaklqana (Swamp:3)
  2 daevas (D:4)
  A revenant (Crypt:1)
  A draconian knight (Zot:4)
  17 frost giants
  13 fire giants
  Maud (D:12)
  10 ghost moths
  Wiglaf (Vaults:5)
  Louise (Spider:1)
  2 cacodemons
  2 orc warlords
  4 draconian scorchers
  Aizul (Swamp:2)
  3 draconian zealots
  A curse skull (Crypt:1)
  6 deep elf sorcerers
  7 iron dragons
  A balrug (Depths:5)
  11 ghouls (Crypt:3)
  4 emperor scorpions
  4 draconian shifters
  5 deep elf elementalists (Elf:3)
  14 vault wardens
  28 stone giants
  7 spriggan defenders
  12 draconian annihilators
  16 green draconians
  14 ironheart preservers
  2 reapers
  A war gargoyle (Vaults:5)
  3 draconian callers
  The ghost of Shenda the Bludgeoner, a journeyman GrFi of Hepliaklqana (Depths:1)
  39 very ugly things
  A stone giant (shapeshifter) (Vaults:5)
  6 large abominations
  7 deep elf demonologists
  Azrael (D:13)
  3 black draconians
  8 vampire knights
  9 yellow draconians
  7 white draconians
  10 deep elf annihilators
  12 purple draconians
  4 spark wasps
  11 mottled draconians
  12 red draconians
  9 deep elf death magi
  The ghost of tstbtto the Severer, a journeyman CeBe of Trog (Lair:5)
  8 eidola
  17 ettins
  Josephine (Lair:5)
  3 green deaths
  A quicksilver dragon zombie (Crypt:1)
  A merfolk impaler (Depths:1)
  9 jiangshi
  13 death oozes
  23 fire dragons
  5 deep elf high priests
  Fannar (D:11)
  17 yaktaur captains
  A quicksilver dragon skeleton (Crypt:1)
  2 rakshasas
  4 entropy weavers
  13 great orbs of eyes
  Harold (D:12)
  24 vault guards
  21 ice dragons
  The ghost of Conn321 the Lord of Darkness, a journeyman DDNe of Kikubaaqudgha (Orc:1)
  33 hydras
  A hydra (shapeshifter) (Vaults:5)
  5 spriggan air magi
  12 centaur warriors
  3 catoblepae
  Erica (D:9)
  2 ghost crabs (Swamp:4)
  28 dancing weapons
  15 ogre magi
  14 alligators
  5 death knights
  The ghost of tstbtto the Cleaver, a novice CeBe of Trog (D:11)
  4 deep troll shamans
  The ghost of tstbtto the Cleaver, a novice CeBe of Trog (D:8)
  A queen ant (Spider:4)
  2 deep troll earth magi (Depths:4)
  7 tengu warriors
  4 vampire magi
  An orc high priest (Elf:2)
  11 spriggan berserkers
  24 deep elf knights
  4 soul eaters
  2 sun demons (Depths:5)
  2 storm dragon zombies
  8 hell knights
  7 small abominations
  4 shadow wraiths
  32 skeletal warriors
  A fire crab (Vaults:5)
  A spriggan druid (Swamp:4)
  2 cherubim
  15 deep trolls
  A shadow demon (Depths:5)
  5 iron trolls
  An unseen horror (Vaults:1)
  2 flayed ghosts
  A gelid demonspawn (Depths:3)
  An anaconda zombie (Crypt:3)
  15 deep elf archers
  15 swamp dragons
  13 hill giants
  4 shambling mangroves
  A shadow dragon zombie (Crypt:3)
  7 giant orange brains
  A lindwurm (Lair:6)
  2 putrid demonspawn
  29 phantasmal warriors
  15 ironbrand convokers
  51 deep elf magi
  14 orb spiders
  21 orc knights
  A hill giant (shapeshifter) (Depths:4)
  3 wizards
  7 necromancers
  25 wolf spiders
  8 shining eyes
  4 harpies (Vaults:2)
  A sphinx zombie (Crypt:2)
  A fire giant zombie (Crypt:1)
  2 stone giant zombies (Crypt:3)
  5 orc sorcerers
  A hornet (shapeshifter) (D:13)
  An iron dragon zombie (Crypt:3)
  5 cyclopes
  56 ugly things
  5 griffons
  A manticore (shapeshifter) (Zot:2)
  An oklob plant (Lair:5)
  5 sixfirhies
  4 hornets
  A manticore (D:11)
  A salamander (shapeshifter) (Vaults:5)
  An elephant (shapeshifter) (Depths:4)
  A frost giant skeleton (Vaults:5)
  10 elephants (Lair:4)
  29 moths of wrath
  A water nymph (shapeshifter) (Vaults:5)
  2 rust devils
  A stone giant skeleton (Crypt:1)
  3 smoke demons
  2 gargoyles
  14 vault sentinels
  A spiny frog (shapeshifter) (D:15)
  A shock serpent skeleton (Crypt:1)
  2 orange demons (Zot:5)
  A black mamba (Lair:1)
  12 torpor snails
  4 eyes of devastation
  A human zombie (Vaults:5)
  2 kobold demonologists
  17 spiny frogs
  5 spectral swamp worms (Depths:1)
  A catoblepas zombie (Crypt:3)
  An emperor scorpion zombie (Crypt:1)
  A rime drake (shapeshifter) (D:15)
  A komodo dragon (shapeshifter) (Depths:2)
  A tormentor (Zot:5)
  13 komodo dragons
  18 freezing wraiths
  3 yaktaurs (shapeshifter)
  17 demonic crawlers
  3 tengu conjurers
  42 yaktaurs
  5 hellwings
  A guardian mummy (Crypt:3)
  A yaktaur skeleton (Vaults:1)
  33 jumping spiders
  An ice devil (Depths:1)
  A red devil (Depths:1)
  A human skeleton (Vaults:3)
  3 meliai (D:13)
  2 meliai (shapeshifter)
  A queen bee (shapeshifter) (Vaults:4)
  15 trolls
  A troll (shapeshifter) (Depths:5)
  9 giant leeches
  A harpy zombie (Crypt:3)
  2 raiju (Lair:6)
  26 two-headed ogres
  A tengu simulacrum (Vaults:5)
  13 polar bears
  15 bog bodies
  90 slime creatures
  5 blink frogs (Lair:5)
  A snapping turtle (shapeshifter) (Depths:4)
  2 ushabtiu (Crypt:3)
  A stone giant simulacrum (Crypt:1)
  5 boulder beetles
  An iron dragon simulacrum (Vaults:5)
  2 ettin zombies
  16 flying skulls (Crypt:1)
  6 shadows
  A fire dragon skeleton (Crypt:1)
  6 air elementals
  A wyvern (Lair:5)
  A satyr skeleton (Crypt:2)
  12 spriggans
  A tarantella (shapeshifter) (Vaults:2)
  66 redbacks
  10 tarantellas
  12 wraiths
  51 yaks
  Eustachio (D:5)
  A basilisk (shapeshifter) (Depths:4)
  3 fire elementals (D:13)
  5 water elementals
  A yak (shapeshifter) (Depths:3)
  8 golden eyes
  A hog (shapeshifter) (Depths:4)
  19 vampire mosquitoes
  7 hippogriffs
  3 hungry ghosts
  3 steam dragons
  5 basilisks
  2 chaos spawn
  A neqoxec (D:9)
  A human (D:7)
  5 insubstantial wisps (Swamp:3)
  2 mottled dragons (Vaults:2)
  18 swamp worms
  14 wargs
  Edmund (D:5)
  A deep troll zombie (Crypt:2)
  5 soldier ants
  A water nymph skeleton (Crypt:1)
  12 water moccasins
  Duvessa (D:4)
  11 hell hounds
  13 swamp drakes
  A water moccasin (shapeshifter) (Depths:2)
  2 giant eyeballs
  9 porcupines
  55 orc warriors
  A swamp dragon zombie (Crypt:3)
  27 black bears
  A snapping turtle zombie (Crypt:3)
  4 ice beasts
  2 sky beasts
  A wasp (shapeshifter) (Depths:4)
  10 wolves (Lair:6)
  7 eyes of draining
  21 wasps
  5 phantoms
  A manticore zombie (Crypt:3)
  16 necrophages
  16 centaurs
  68 ogres
  A wolf (shapeshifter) (Vaults:2)
  9 crocodiles
  6 big kobolds
  Blork the orc (D:4)
  9 giant frogs
  2 wyvern zombies
  A glowing shapeshifter simulacrum (Vaults:2)
  A water moccasin zombie (D:8)
  8 earth elementals
  6 wyvern skeletons
  5 scorpions
  Dowan (D:4)
  2 human simulacra
  8 killer bees
  14 wights
  A killer bee (shapeshifter) (Vaults:5)
  A troll skeleton (Crypt:2)
  9 electric eels
  8 howler monkeys
  A wolf skeleton (Crypt:1)
  4 crimson imps
  A giant frog zombie (D:13)
  A lava snake (D:7)
  A quasit (D:11)
  5 centaur zombies
  A gnoll shaman (D:10)
  21 hounds
  2 giant frog skeletons
  21 orc priests
  Crazy Yiuf (D:7)
  8 jellies
  30 orc wizards
  7 centaur skeletons
  8 iguanas
  25 worker ants
  19 sheep
  A deep dwarf skeleton (Crypt:2)
  A felid skeleton (Crypt:1)
  A hound zombie (D:6)
  A hound skeleton (D:9)
  3 worker ant zombies
  A hell rat zombie (Crypt:2)
  12 gnolls
  A hell rat skeleton (Crypt:1)
  A howler monkey skeleton (D:5)
  10 adders
  32 river rats
  8 shadow imps
  A white imp (Depths:2)
  An ooze (D:2)
  An ooze (shapeshifter) (Vaults:5)
  A sheep zombie (Crypt:2)
  2 adder skeletons
  29 worms
  A dart slug (D:4)
  6 giant geckos
  164 orcs
  6 giant cockroaches
  12 goblins
  6 hobgoblins
  16 jackals
  5 quokkas
  3 ball pythons
  8 bats
  8 giant newts
  A giant newt zombie (Crypt:2)
  A goblin zombie (Crypt:2)
  20 kobolds
  An orc skeleton (Crypt:2)
  3 quokka skeletons
  4 rats
  11 briar patches
  A bush (Lair:6)
  A butterfly (Lair:3)
  7 crawling corpses (Vaults:5)
  45 fungi
  A lost soul (Crypt:3)
  38 plants
  9 withered plants (Crypt:3)
3070 creatures vanquished.

Vanquished Creatures (collateral kills)
  A tentacled monstrosity (Zot:5)
  4 Orb Guardians (Zot:5)
  An acid blob (Slime:5)
  A vault warden (Vaults:4)
  A white draconian (Zot:1)
  An ettin (Vaults:4)
  A death ooze (Slime:5)
  5 vault guards (Vaults:5)
  An ice dragon (Vaults:5)
  A shining eye (Slime:4)
  A yaktaur (Vaults:4)
  5 slime creatures
23 creatures vanquished.

Vanquished Creatures (others)
  An ancient lich (Zot:5)
  An Orb Guardian (Zot:5)
  A draconian knight (Zot:3)
  A deep elf elementalist (Elf:3)
  A black draconian (Zot:5)
  A deep elf knight (Elf:3)
  A swamp dragon (Swamp:3)
  A lindwurm (shapeshifter) (Depths:5)
  A demonic crawler (Spider:2)
  A meliai zombie (D:13)
  3 redbacks (Spider:2)
  A swamp drake (Swamp:4)
  An ogre (Vaults:5)
  4 centaurs
  4 wights (D:7)
  An ufetubus (Zot:5)
  A worm (Lair:6)
  2 orcs
  3 kobolds (D:8)
  A briar patch (Swamp:1)
  12 fungi
  8 lost souls
  23 plants
  9 toadstools (Swamp:1)
  6 withered plants (Crypt:3)
89 creatures vanquished.

Grand Total: 3182 creatures vanquished

Notes
Turn   | Place    | Note
--------------------------------------------------------------
     0 | D:1      | Shenda the Gargoyle Fighter began the quest for the Orb.
     0 | D:1      | Reached XP level 1. HP: 14/14 MP: 1/1
   106 | D:1      | Reached XP level 2. HP: 16/19 MP: 2/2
   452 | D:2      | Reached XP level 3. HP: 19/23 MP: 3/3
   577 | D:2      | Reached XP level 4. HP: 22/28 MP: 4/4
  1378 | D:2      | Reached XP level 5. HP: 27/33 MP: 5/5
  1470 | D:2      | Found an oddly glowing altar of Pakellas.
  2004 | D:3      | Found a bloodstained altar of Trog.
  2160 | D:4      | Noticed a phantom
  2182 | D:4      | Killed a phantom
  2182 | D:4      | Reached XP level 6. HP: 29/38 MP: 6/6
  2512 | D:4      | Noticed Duvessa
  2515 | D:4      | Noticed Dowan
  2529 | D:4      | Killed Dowan
  2538 | D:4      | Killed Duvessa
  2538 | D:4      | Reached skill level 5 in Armour
  2538 | D:4      | Reached XP level 7. HP: 23/44 MP: 7/7
  2697 | D:4      | Reached skill level 5 in Maces & Flails
  2904 | D:4      | Found Syuc's Book Shop.
  2917 | D:4      | Noticed Blork the orc
  2927 | D:4      | Killed Blork the orc
  3037 | D:5      | Entered Level 5 of the Dungeon
  3100 | D:5      | Reached skill level 5 in Fighting
  3148 | D:5      | Noticed Edmund
  3161 | D:5      | Killed Edmund
  3161 | D:5      | Reached skill level 5 in Shields
  3277 | D:5      | Reached XP level 8. HP: 48/49 MP: 8/8
  3488 | D:5      | Noticed Eustachio
  3560 | D:5      | Killed Eustachio
  3858 | D:6      | Found a shattered altar of Ashenzari.
  4238 | D:6      | Found a staircase to the Ecumenical Temple.
  4248 | Temple   | Entered the Ecumenical Temple
  4585 | D:6      | Reached XP level 9. HP: 55/55 MP: 9/9
  4649 | D:6      | Found a deep blue altar of Sif Muna.
  5335 | D:8      | Gained mutation: Your flesh is cold resistant. (rC+) [mutagenic meat]
  5336 | D:8      | Gained mutation: You have large cloven feet. [mutagenic meat]
  5337 | D:8      | Gained mutation: You occasionally shout uncontrollably at your foes. [mutagenic meat]
  5338 | D:8      | Lost mutation: Your flesh is cold resistant. (rC+) [mutagenic meat]
  5396 | D:7      | Found a stormy altar of Qazlal.
  5450 | D:7      | Became a worshipper of Qazlal Stormbringer
  6012 | D:7      | Got a faintly glowing mace
  6013 | D:7      | Identified the cursed +1 mace "Xolybu" {speed, SInv} (You found it on level 7 of the Dungeon)
  6028 | D:7      | Noticed Crazy Yiuf
  6034 | D:7      | Killed Crazy Yiuf
  6070 | D:7      | Reached XP level 10. HP: 50/63 MP: 10/10
  6211 | D:8      | Noticed tstbtto's ghost (novice CeBe)
  6242 | D:8      | Killed tstbtto's ghost
  6252 | D:8      | Reached * piety under Qazlal
  6812 | D:9      | Reached skill level 10 in Maces & Flails
  6845 | D:9      | Found a snail-covered altar of Cheibriados.
  6948 | D:9      | Lost mutation: You occasionally shout uncontrollably at your foes. [potion of mutation]
  6948 | D:9      | Gained mutation: You have a pair of small antennae on your head. [potion of mutation]
  6948 | D:9      | Gained mutation: You expend magic power (3 MP) to strengthen your wands. [potion of mutation]
  6986 | D:9      | Found a basalt altar of Yredelemnul.
  7011 | D:10     | Entered Level 10 of the Dungeon
  7415 | D:9      | Got a clouded bronze ring
  7470 | D:9      | Reached ** piety under Qazlal
  7475 | D:9      | Reached XP level 11. HP: 60/69 MP: 11/11
  7545 | D:9      | Noticed Erica
  7572 | D:9      | Reached skill level 1 in Invocations
  7585 | D:9      | Killed Erica
  7840 | D:9      | Reached skill level 2 in Invocations
  7929 | D:9      | Found a shimmering altar of Xom.
  7929 | D:9      | Found a hide-covered altar of Uskayaw.
  7929 | D:9      | Found a sparkling altar of Nemelex Xobeh.
  8205 | D:10     | Found a staircase to the Lair.
  8223 | D:10     | Noticed a hill giant
  8237 | D:10     | Killed a hill giant
  8264 | D:10     | Noticed a hill giant
  8303 | D:10     | Killed a hill giant
  8305 | D:10     | Noticed a hill giant
  8494 | D:10     | Killed a hill giant
  8494 | D:10     | Reached skill level 3 in Invocations
  8812 | D:10     | Found Reriofap's General Store.
  8970 | D:10     | Identified 2 scrolls of acquirement
  8971 | D:10     | Got a faintly humming buckler
  8990 | D:10     | Identified the +0 buckler "Jixtucof" {rCorr Slay-4 Stlth+} (You acquired it on level 10 of the Dungeon)
  9056 | D:10     | Identified the ring "Coajosew" {rC+ Int+5 Stlth+} (You found it on level 9 of the Dungeon)
  9112 | D:10     | Reached *** piety under Qazlal
  9535 | D:11     | Found a flagged portal.
  9558 | Bailey   | Entered a bailey
  9626 | Bailey   | Noticed an orc knight
  9727 | Bailey   | Noticed an orc knight
  9761 | Bailey   | Killed an orc knight
  9761 | Bailey   | Reached skill level 4 in Invocations
  9815 | Bailey   | Got a faintly humming plate armour
  9828 | Bailey   | Got a pair of brightly glowing boots
  9839 | Bailey   | Identified the +6 plate armour "Gayr" {rC+} (You found it in a bailey)
  9844 | Bailey   | Identified the +1 pair of boots of Ocroaj {rC+} (You found it in a bailey)
  9926 | D:11     | Noticed Fannar
  9986 | D:11     | Killed Fannar
  9986 | D:11     | Reached XP level 12. HP: 74/77 MP: 15/15
 10079 | D:11     | Reached **** piety under Qazlal
 10113 | D:11     | Found a staircase to the Orcish Mines.
 10297 | D:11     | Gained mutation: Your magical capacity is low. (-10% MP) [potion of mutation]
 10297 | D:11     | Gained mutation: You are resistant to hostile enchantments. (MR+) [potion of mutation]
 10332 | D:11     | Noticed tstbtto's ghost (novice CeBe)
 10354 | D:11     | Killed tstbtto's ghost
 10354 | D:11     | Reached skill level 10 in Armour
 10430 | D:11     | Reached skill level 10 in Fighting
 10430 | D:11     | Reached skill level 5 in Invocations
 10880 | D:12     | Reached skill level 10 in Shields
 11054 | D:12     | Noticed Maud
 11070 | D:12     | Reached ***** piety under Qazlal
 11227 | D:12     | Killed Maud
 11227 | D:12     | Reached skill level 6 in Invocations
 11510 | D:12     | Noticed Harold
 11530 | D:12     | Killed Harold
 11595 | D:13     | Noticed a centaur warrior
 11607 | D:13     | Killed a centaur warrior
 11610 | D:13     | Reached XP level 13. HP: 74/83 MP: 16/16
 11639 | D:13     | Reached skill level 7 in Invocations
 11677 | D:13     | Noticed a vault guard
 11696 | D:13     | Killed a vault guard
 11717 | D:13     | Reached skill level 8 in Invocations
 11796 | D:13     | Found a white marble altar of Elyvilon.
 11891 | D:13     | Noticed Rupert
 12074 | D:14     | You fall through a shaft!
 12074 | D:15     | Entered Level 15 of the Dungeon
 12098 | D:15     | Reached skill level 9 in Invocations
 12180 | D:15     | Gained mutation: Your large and strong wings let you fly indefinitely. [Gargoyle growth]
 12180 | D:15     | Reached XP level 14. HP: 72/90 MP: 19/19
 12519 | D:14     | Found a roughly hewn altar of Beogh.
 12647 | D:14     | Reached skill level 10 in Invocations
 12711 | D:14     | Gained mutation: You are dopey. (Int -2) [mutagenic meat]
 12713 | D:14     | Gained mutation: Your spells are a little easier to cast, but a little less powerful. [mutagenic meat]
 12716 | D:14     | Lost mutation: You have a pair of small antennae on your head. [mutagenic meat]
 13192 | D:13     | Noticed Azrael
 13215 | D:13     | Killed Azrael
 13315 | D:13     | Killed Rupert
 13348 | D:13     | Gained mutation: You are partially covered in icy blue scales. (AC +1) [potion of mutation]
 13348 | D:13     | Gained mutation: Your magical capacity is very low. (-20% MP) [potion of mutation]
 13348 | D:13     | Lost mutation: You are dopey. (Int -2) [potion of mutation]
 13573 | D:13     | Found a gate to the Vaults.
 13976 | D:14     | Got a crude chain mail
 13987 | D:14     | Identified the cursed +0 chain mail of Evolution {+Fly rF+ Int+4 Stlth-} (You found it on level 14 of the Dungeon)
 14138 | D:15     | Gained mutation: You are partially covered in iridescent scales. (AC +4) [mutagenic meat]
 14139 | D:15     | Gained mutation: Your muscles are strong. (Str +2) [mutagenic meat]
 14254 | D:15     | Reached skill level 11 in Invocations
 14460 | D:15     | Found a staircase to the Depths.
 14851 | Lair:1   | Entered Level 1 of the Lair of Beasts
 15549 | Lair:2   | Found a labyrinth entrance.
 15625 | Lair:2   | Noticed Gastronok
 15633 | Lair:2   | Killed Gastronok
 15678 | Lair:2   | Reached XP level 15. HP: 97/97 MP: 18/18
 15711 | Lair:2   | Reached ****** piety under Qazlal
 15901 | Lair:2   | Found a hole to the Spider Nest.
 15906 | Lair:2   | Found a staircase to the Swamp.
 15908 | Lair:2   | Lost mutation: Your spells are a little easier to cast, but a little less powerful. [potion of mutation]
 15908 | Lair:2   | Gained mutation: You are partially covered in slimy green scales. (AC +2) [potion of mutation]
 15908 | Lair:2   | Gained mutation: You have a pair of small horns on your head. [potion of mutation]
 17455 | Lair:4   | Reached skill level 12 in Invocations
 17654 | Lair:4   | Got a jewelled eveningstar
 17655 | Lair:4   | Identified the +3 eveningstar "Ryuxiuss" {flame, rPois MR+ MP+9} (You acquired it on level 4 of the Lair of Beasts)
 18333 | Lair:5   | Noticed tstbtto's ghost (journeyman CeBe)
 18349 | Lair:5   | Killed tstbtto's ghost
 18543 | Lair:5   | Noticed Josephine
 18552 | Lair:5   | Killed Josephine
 18750 | Lair:5   | Found a hide-covered altar of Uskayaw.
 19080 | Lair:6   | Entered Level 6 of the Lair of Beasts
 19134 | Lair:6   | Found a staircase to the Slime Pits.
 19458 | Lair:6   | Reached XP level 16. HP: 80/105 MP: 20/20
 19548 | Lair:6   | Got a twisted demon whip
 19549 | Lair:6   | Identified the +4 demon whip of the Bruised Cities {flame, rN+} (You found it on level 6 of the Lair of Beasts)
 19917 | Lair:6   | Found a runed door.
 20071 | Lair:6   | Identified a +0 rod of clouds (12/12) (You found it on level 5 of the Lair of Beasts)
 20384 | Lair:6   | Reached skill level 13 in Invocations
 20607 | Orc:1    | Entered Level 1 of the Orcish Mines
 20775 | Orc:2    | Entered Level 2 of the Orcish Mines
 20845 | Orc:1    | Noticed Conn321's ghost (journeyman DDNe)
 20857 | Orc:1    | Killed Conn321's ghost
 20955 | Orc:2    | Found Ahofevuwk's Food Shoppe.
 20979 | Orc:2    | Found a staircase to the Elven Halls.
 21329 | Orc:2    | Found Plog's General Store.
 21329 | Orc:2    | Found Konetun's Magic Scroll Shop.
 21329 | Orc:2    | Found Cekias's Food Emporium.
 21337 | Orc:2    | Bought a scroll of enchant weapon for 120 gold pieces
 21339 | Orc:2    | Found Liheg's Assorted Antiques.
 21683 | Elf:1    | Entered Level 1 of the Elven Halls
 21706 | Elf:1    | Reached skill level 15 in Maces & Flails
 22148 | Elf:1    | Found Xera Tik's Antique Weapon Boutique.
 22236 | Elf:1    | Found Mieggan's Weapon Shoppe.
 22264 | Elf:1    | Found Kizuhui's Gadget Boutique.
 22489 | Elf:2    | Reached skill level 14 in Invocations
 22607 | Elf:2    | Found a runed gate.
 22607 | Elf:2    | Found a runed gate.
 22607 | Elf:2    | Found a runed gate.
 22699 | Elf:2    | Reached XP level 17. HP: 81/112 MP: 22/22
 23083 | Elf:2    | Noticed a deep elf blademaster
 23106 | Elf:2    | Killed a deep elf blademaster
 23161 | Elf:2    | Reached skill level 15 in Fighting
 23237 | Elf:2    | Reached skill level 15 in Invocations
 23704 | Spider:1 | Entered Level 1 of the Spider Nest
 24097 | Spider:1 | Noticed Louise
 24117 | Spider:1 | Killed Louise
 24674 | Spider:2 | Noticed Nikola
 24708 | Spider:2 | Killed Nikola
 25197 | Spider:2 | Reached XP level 18. HP: 119/119 MP: 23/23
 26276 | Spider:4 | Entered Level 4 of the Spider Nest
 26341 | Spider:4 | Noticed Arachne
 26356 | Spider:4 | Killed Arachne
 26404 | Spider:4 | Reached skill level 16 in Invocations
 26490 | Spider:4 | Reached skill level 15 in Armour
 26521 | Spider:4 | Reached skill level 15 in Shields
 26562 | Spider:4 | Got a gossamer rune of Zot
 27448 | Spider:4 | Got a bloodstained shortbow
 27454 | Spider:4 | Identified the +6 shortbow of Pandemonium {speed, rC++ MP+9 SInv Stlth+} (You found it on level 4 of the Spider Nest)
 27571 | Swamp:1  | Entered Level 1 of the Swamp
 28408 | Swamp:2  | Noticed Aizul
 28414 | Swamp:2  | Reached XP level 19. HP: 125/125 MP: 25/25
 28424 | Swamp:2  | Killed Aizul
 28452 | Swamp:2  | Reached skill level 17 in Invocations
 29140 | Swamp:3  | Noticed Shenda's ghost (adept GrFi)
 29169 | Swamp:3  | Killed Shenda's ghost
 29816 | Swamp:4  | Entered Level 4 of the Swamp
 30268 | Swamp:4  | Got a decaying rune of Zot
 30882 | Depths:1 | Entered Level 1 of the Depths
 30882 | Depths:1 | Noticed a lich
 30905 | Depths:1 | Noticed Shenda's ghost (journeyman GrFi)
 31005 | D:15     | Killed a lich
 31136 | Depths:1 | Killed Shenda's ghost
 31163 | D:15     | Reached skill level 18 in Invocations
 31345 | Depths:1 | Reached XP level 20. HP: 107/132 MP: 26/26
 31418 | Depths:1 | Found a one-way gate leading to the halls of Pandemonium.
 31540 | Depths:1 | Found a gateway to Hell.
 31684 | Depths:1 | Got a twisted leather armour
 31695 | Depths:1 | Identified the +1 leather armour "Vil Zocua" {Int+5} (You found it on level 1 of the Depths)
 31713 | Depths:1 | Found Jeilemi's Assorted Antiques.
 31735 | Depths:1 | Bought a twisted buckler for 351 gold pieces
 31735 | Depths:1 | Bought a scroll of enchant armour for 277 gold pieces
 31735 | Depths:1 | Bought a pair of embroidered gloves for 166 gold pieces
 31774 | Depths:1 | Identified the +0 buckler "Moub" {rElec MR+ rCorr Stlth+} (You bought it in a shop on level 1 of the Depths)
 32138 | Depths:1 | Lost mutation: Your muscles are strong. (Str +2) [mutagenic meat]
 32140 | Depths:1 | Gained mutation: You have hoof-like feet. [mutagenic meat]
 32141 | Depths:1 | Gained mutation: You are highly resistant to hostile enchantments. (MR++) [mutagenic meat]
 32181 | Depths:2 | Noticed a lich
 32187 | Depths:2 | Killed a lich
 32572 | Slime:1  | Entered Level 1 of the Pits of Slime
 32769 | Slime:1  | Gained mutation: You are weak. (Str -2) [a shining eye]
 33541 | Slime:3  | Reached skill level 19 in Invocations
 33945 | Slime:3  | Gained mutation: Your body sometimes deteriorates upon taking damage. [a shining eye]
 33961 | Slime:3  | Gained mutation: You are dopey. (Int -2) [a shining eye]
 33965 | Slime:3  | Gained mutation: Scrolls take you a little longer to read. [a shining eye]
 34137 | Slime:4  | Gained mutation: You are clumsy. (Dex -2) [a shining eye]
 34138 | Slime:4  | Gained mutation: You are very clumsy. (Dex -4) [a shining eye]
 34140 | Slime:4  | Gained mutation: Your magical capacity is extremely low. (-30% MP) [a shining eye]
 34140 | Slime:4  | Gained mutation: Scrolls take you longer to read. [a shining eye]
 34141 | Slime:4  | Gained mutation: Scrolls take you much longer to read. [a shining eye]
 34148 | Slime:4  | Paralysed by a giant eyeball for 4 turns
 34148 | Slime:4  | Gained mutation: You tend to lose your temper in combat. [a shining eye]
 34151 | Slime:4  | Lost mutation: You tend to lose your temper in combat. [a shining eye]
 34153 | Slime:4  | Gained mutation: You occasionally shout uncontrollably at your foes. [a shining eye]
 34161 | Slime:3  | Gained mutation: Armour fits poorly on your strangely shaped body. [a shining eye]
 34167 | Slime:3  | Gained mutation: You sometimes yell uncontrollably at your foes. [a shining eye]
 34169 | Slime:3  | Gained mutation: Your spells are a little easier to cast, but a little less powerful. [a shining eye]
 34246 | Slime:4  | Reached XP level 21. HP: 128/140 MP: 20/24
 34399 | Slime:4  | Gained mutation: You tend to lose your temper in combat. [a shining eye]
 34850 | Slime:5  | Entered Level 5 of the Pits of Slime
 34883 | Slime:5  | Noticed the Royal Jelly
 34980 | Slime:4  | Gained mutation: You are occasionally teleported next to monsters. [a shining eye]
 34981 | Slime:4  | Gained mutation: You are very weak. (Str -4) [a shining eye]
 34987 | Slime:4  | Gained mutation: Potions and wands are less effective at restoring your health. [a shining eye]
 35714 | Elf:3    | Entered Level 3 of the Elven Halls
 35813 | Elf:3    | Lost mutation: You are occasionally teleported next to monsters. [potion of cure mutation]
 35813 | Elf:3    | Lost mutation: Potions and wands are less effective at restoring your health. [potion of cure mutation]
 35813 | Elf:3    | Lost mutation: Scrolls take you much longer to read. [potion of cure mutation]
 35813 | Elf:3    | Lost mutation: You have a pair of small horns on your head. [potion of cure mutation]
 35813 | Elf:3    | Lost mutation: Your spells are a little easier to cast, but a little less powerful. [potion of cure mutation]
 35814 | Elf:3    | Lost mutation: You are highly resistant to hostile enchantments. (MR++) [potion of cure mutation]
 35814 | Elf:3    | Lost mutation: You tend to lose your temper in combat. [potion of cure mutation]
 35814 | Elf:3    | Lost mutation: Your magical capacity is extremely low. (-30% MP) [potion of cure mutation]
 35814 | Elf:3    | Lost mutation: You expend magic power (3 MP) to strengthen your wands. [potion of cure mutation]
 35814 | Elf:3    | Lost mutation: Your body sometimes deteriorates upon taking damage. [potion of cure mutation]
 35814 | Elf:3    | Lost mutation: You are very clumsy. (Dex -4) [potion of cure mutation]
 35815 | Elf:3    | Lost mutation: You are partially covered in iridescent scales. (AC +4) [potion of cure mutation]
 35815 | Elf:3    | Lost mutation: Scrolls take you longer to read. [potion of cure mutation]
 35815 | Elf:3    | Lost mutation: Scrolls take you a little longer to read. [potion of cure mutation]
 35815 | Elf:3    | Lost mutation: Your magical capacity is very low. (-20% MP) [potion of cure mutation]
 35815 | Elf:3    | Lost mutation: You are very weak. (Str -4) [potion of cure mutation]
 36356 | Elf:3    | Got an uncursed jewelled dagger {freeze}
 36359 | Elf:3    | Identified the +3 dagger of Qocyeg Ciala {freeze, rPois Dex+4} (You took it off an orc warrior on level 3 of the Elven Halls)
 36649 | Elf:3    | Got an ichor-stained chain mail
 36664 | Elf:3    | Identified the +6 chain mail "Katouma" {rF+ Int+3 Slay+3} (You took it off a deep elf high priest on level 3 of the Elven Halls)
 36954 | Elf:3    | Reached skill level 20 in Invocations
 36980 | Elf:3    | Got an ichor-stained whip {slash}
 36986 | Elf:3    | Identified the +11 whip of Gopt {slash, Str+4} (You took it off a deep elf knight on level 3 of the Elven Halls)
 37057 | Elf:3    | Got a smoking scythe {slice}
 37066 | Elf:3    | Identified the +9 scythe of Hell's Wrath {slice, *Noise Str+4 Int+4 Dex+3} (You took it off a deep elf knight on level 3 of the Elven Halls)
 37172 | Elf:3    | Identified the Tome of the Flying Glacier
 37175 | Elf:3    | Identified the Catalogue of Protection
 37242 | Elf:3    | Got a smoking steam dragon armour
 37253 | Elf:3    | Identified the +1 steam dragon armour of Omission {rC+ rN+ rCorr} (You took it off a deep elf annihilator on level 3 of the Elven Halls)
 37335 | Elf:3    | Got a bloodstained flail {holy}
 37336 | Elf:3    | Identified the +8 flail of Okawaru's Outrage {holy, +Rage rN++ Dex+2} (You took it off a deep elf mage on level 3 of the Elven Halls)
 37474 | Vaults:1 | Entered Level 1 of the Vaults
 37755 | Vaults:1 | Reached XP level 22. HP: 147/147 MP: 32/32
 37821 | Vaults:1 | Reached skill level 1 in Dodging
 37886 | Vaults:1 | Reached skill level 1 in Evocations
 40145 | Vaults:2 | Lost mutation: You have hoof-like feet. [mutagenic meat]
 40147 | Vaults:2 | Lost mutation: You are clumsy. (Dex -2) [mutagenic meat]
 40148 | Vaults:2 | Gained mutation: You are very dopey. (Int -4) [mutagenic meat]
 40903 | Vaults:3 | Lost mutation: You are resistant to hostile enchantments. (MR+) [mutagenic meat]
 40905 | Vaults:3 | Gained mutation: You frequently scream uncontrollably at your foes. [mutagenic meat]
 40906 | Vaults:3 | Lost mutation: You are weak. (Str -2) [mutagenic meat]
 41529 | Vaults:3 | Lost mutation: Your magical capacity is low. (-10% MP) [mutagenic meat]
 41530 | Vaults:3 | Lost mutation: You have large cloven feet. [mutagenic meat]
 41532 | Vaults:3 | Lost mutation: You frequently scream uncontrollably at your foes. [mutagenic meat]
 41768 | Vaults:3 | Found Mufam's General Store.
 41940 | Vaults:3 | Reached XP level 23. HP: 153/153 MP: 37/37
 41965 | Vaults:3 | Found a staircase to the Crypt.
 42003 | Vaults:3 | Got a twitching pewter ring
 42127 | Vaults:3 | Identified the ring "Netix" {MR+ Int+6} (You found it on level 3 of the Vaults)
 42739 | Vaults:4 | Lost mutation: Armour fits poorly on your strangely shaped body. [mutagenic meat]
 42740 | Vaults:4 | Gained mutation: You have a pair of small horns on your head. [mutagenic meat]
 42742 | Vaults:4 | Gained mutation: You have a pair of horns on your head. [mutagenic meat]
 42744 | Vaults:4 | Lost mutation: You are partially covered in slimy green scales. (AC +2) [mutagenic meat]
 42745 | Vaults:4 | Gained mutation: You can translocate small distances at will. [mutagenic meat]
 42746 | Vaults:4 | Lost mutation: You can translocate small distances at will. [mutagenic meat]
 42747 | Vaults:4 | Gained mutation: You expend magic power (3 MP) to strengthen your wands. [mutagenic meat]
 42749 | Vaults:4 | Gained mutation: You have a pair of large horns on your head. [mutagenic meat]
 42865 | Vaults:4 | Reached skill level 5 in Evocations
 42891 | Vaults:4 | Gained mutation: You are agile. (Dex +2) [mutagenic meat]
 42893 | Vaults:4 | Lost mutation: You have a pair of large horns on your head. [mutagenic meat]
 43040 | Vaults:4 | Gained mutation: You are very agile. (Dex +4) [mutagenic meat]
 43041 | Vaults:4 | Gained mutation: Your muscles are strong. (Str +2) [mutagenic meat]
 43043 | Vaults:4 | Gained mutation: You are surrounded by a mild repulsion field. (EV +2) [mutagenic meat]
 43044 | Vaults:4 | Lost mutation: You are partially covered in icy blue scales. (AC +1) [mutagenic meat]
 43571 | Vaults:5 | Entered Level 5 of the Vaults
 43571 | Vaults:5 | Noticed Wiglaf
 43581 | Vaults:5 | Reached skill level 5 in Dodging
 43582 | Vaults:5 | Killed Wiglaf
 43583 | Vaults:5 | Noticed an ancient lich
 43606 | Vaults:5 | Killed an ancient lich
 43606 | Vaults:5 | Reached skill level 21 in Invocations
 43607 | Vaults:5 | Reached XP level 24. HP: 111/160 MP: 15/37
 43843 | Vaults:5 | Noticed an ancient lich
 43846 | Vaults:5 | Killed an ancient lich
 43952 | Vaults:5 | Got an ancient lajatang {flame}
 43953 | Vaults:5 | Identified the +8 lajatang of Insufficient Pleasure {flame, MR+} (You took it off a frost giant on level 5 of the Vaults)
 44196 | Vaults:5 | Got a ruby-encrusted chain mail
 44207 | Vaults:5 | Identified the +8 chain mail of the Vacuum {Int+4} (You took it off a vault warden on level 5 of the Vaults)
 44671 | Vaults:5 | Gained mutation: You are partially covered in large bone plates. (AC +2, SH +2) [mutagenic meat]
 44672 | Vaults:5 | Lost mutation: You are partially covered in large bone plates. (AC +2, SH +2) [mutagenic meat]
 44858 | Vaults:5 | Reached XP level 25. HP: 164/168 MP: 37/37
 44886 | Vaults:5 | Got a pair of faintly glowing gloves
 44897 | Vaults:5 | Identified the +0 pair of gloves of the Ward {rF- Str+6} (You acquired it on level 5 of the Vaults)
 44982 | Vaults:5 | Got a heavy robe
 44993 | Vaults:5 | Identified the +1 robe "Zonihu" {+Fly rPois MP-9} (You found it on level 5 of the Vaults)
 45079 | Vaults:5 | Got a twitching jade ring
 45081 | Vaults:5 | Identified the ring of Vekhlewk {*Contam *Drain rElec rF+ Stlth+} (You found it on level 5 of the Vaults)
 45089 | Vaults:5 | Got a silver rune of Zot
 45108 | Vaults:5 | Learned a level 6 spell: Haste
 45117 | Vaults:5 | Learned a level 8 spell: Discord
 45341 | Vaults:5 | Identified the Guide on Cold and Confrontation
 45524 | Crypt:1  | Entered Level 1 of the Crypt
 46061 | Crypt:1  | Got an encrusted ice dragon armour
 46072 | Crypt:1  | Identified the +1 ice dragon armour "Oczanez" {rF- rC++ Dex+4} (You found it on level 1 of the Crypt)
 46392 | Crypt:2  | Noticed Sagrath01's ghost (veteran FoFi)
 46437 | Crypt:2  | Killed Sagrath01's ghost
 47195 | Crypt:3  | Entered Level 3 of the Crypt
 47572 | Crypt:3  | Got a scorched golden ring
 47797 | Crypt:3  | Found a basalt altar of Yredelemnul.
 48037 | Crypt:3  | Noticed a greater mummy
 48051 | Crypt:3  | Killed a greater mummy
 48082 | Crypt:3  | Found a staircase to the Tomb.
 48221 | Crypt:3  | Lost mutation: Your muscles are strong. (Str +2) [potion of mutation]
 48434 | Crypt:3  | Reached skill level 22 in Invocations
 49447 | Slime:4  | Identified the ring "Ipiweow" {*Corrode +Fly rElec MR++ Stlth+} (You took it off a skeletal warrior on level 3 of the Crypt)
 49455 | Slime:5  | Reached XP level 26. HP: 174/174 MP: 38/38
 49520 | Slime:5  | Found a viscous altar of Jiyva.
 49738 | Slime:5  | Killed the Royal Jelly
 50303 | Slime:5  | Got a crude whip
 50304 | Slime:5  | Identified the +2 whip of Zinwagg {slash, +Inv rPois} (You found it on level 5 of the Pits of Slime)
 50309 | Slime:5  | Got an ancient robe
 50333 | Slime:5  | Identified the +0 robe "Oguahoza" {rElec rCorr Dex+6 SInv} (You found it on level 5 of the Pits of Slime)
 50363 | Slime:5  | Got a jewelled great sword
 50369 | Slime:5  | Identified the +8 great sword "Baolu" {antimagic, rPois rN+ Stlth-} (You found it on level 5 of the Pits of Slime)
 50373 | Slime:5  | Got a slimy rune of Zot
 50375 | Slime:5  | Got a jewelled ring mail
 50386 | Slime:5  | Identified the +4 ring mail "Olaackot" {+Inv rPois} (You found it on level 5 of the Pits of Slime)
 50449 | Slime:5  | Got a slimy glaive
 50455 | Slime:5  | Identified the +6 glaive of Dust {chop, +Inv rC+ SInv} (You found it on level 5 of the Pits of Slime)
 50461 | Slime:5  | Got a brightly glowing iron ring
 50463 | Slime:5  | Identified the ring "Judghiysa" {*Tele Int+3 SInv} (You found it on level 5 of the Pits of Slime)
 51729 | Depths:2 | Gained mutation: Your spells are a little easier to cast, but a little less powerful. [mutagenic meat]
 51730 | Depths:2 | Lost mutation: You sometimes yell uncontrollably at your foes. [mutagenic meat]
 51732 | Depths:2 | Gained mutation: You are partially covered in rugged brown scales. (AC +1, +3% HP) [mutagenic meat]
 51733 | Depths:2 | Gained mutation: You are weak. (Str -2) [mutagenic meat]
 51734 | Depths:2 | Lost mutation: You are very dopey. (Int -4) [mutagenic meat]
 51736 | Depths:2 | Gained mutation: You are frail. (-10% HP) [mutagenic meat]
 51737 | Depths:2 | Lost mutation: You are weak. (Str -2) [mutagenic meat]
 51738 | Depths:2 | Lost mutation: You expend magic power (3 MP) to strengthen your wands. [mutagenic meat]
 51742 | Depths:2 | Gained mutation: You have a pair of large horns on your head. [mutagenic meat]
 51872 | Depths:2 | Found a one-way gate to the infinite horrors of the Abyss.
 51924 | Depths:2 | Found Lituply's Antique Armour Emporium.
 52098 | Depths:3 | Gained mutation: You evolve. [mutagenic meat]
 52100 | Depths:3 | Gained mutation: You passively map a small area around you. [mutagenic meat]
 52102 | Depths:3 | Lost mutation: Your spells are a little easier to cast, but a little less powerful. [mutagenic meat]
 52103 | Depths:3 | Lost mutation: You have a pair of large horns on your head. [mutagenic meat]
 52104 | Depths:3 | Lost mutation: You are frail. (-10% HP) [mutagenic meat]
 52105 | Depths:3 | Gained mutation: You have very sharp teeth. [mutagenic meat]
 52106 | Depths:3 | Gained mutation: You have large cloven feet. [mutagenic meat]
 52107 | Depths:3 | Lost mutation: You passively map a small area around you. [mutagenic meat]
 52108 | Depths:3 | Gained mutation: Your muscles are strong. (Str +2) [mutagenic meat]
 52109 | Depths:3 | Lost mutation: You are surrounded by a mild repulsion field. (EV +2) [mutagenic meat]
 52417 | Depths:3 | Found Ixithic's Armour Emporium.
 52462 | Depths:3 | Reached skill level 10 in Evocations
 52641 | Depths:3 | Lost mutation: You are dopey. (Int -2) [evolution]
 52784 | Depths:3 | Noticed a juggernaut
 52799 | Depths:3 | Killed a juggernaut
 52955 | Depths:3 | Reached XP level 27. HP: 185/185 MP: 38/38
 53003 | Depths:3 | Got a slimy plate armour
 53017 | Depths:3 | Identified the +2 plate armour of Good Intentions {Int+5} (You found it on level 3 of the Depths)
 53920 | Depths:4 | Gained mutation: You are frail. (-10% HP) [mutagenic meat]
 53940 | Depths:4 | Noticed Mara
 53961 | Depths:4 | Killed Mara
 54180 | Depths:4 | Gained mutation: You are surrounded by a mild repulsion field. (EV +2) [mutagenic meat]
 54181 | Depths:4 | Lost mutation: You occasionally shout uncontrollably at your foes. [mutagenic meat]
 54182 | Depths:4 | Lost mutation: You are frail. (-10% HP) [mutagenic meat]
 54500 | Depths:4 | Reached skill level 10 in Dodging
 54933 | Depths:5 | Entered Level 5 of the Depths
 55129 | Depths:5 | Noticed Jorgrun
 55142 | Depths:5 | Killed Jorgrun
 55190 | Depths:5 | Identified the Handbook of the Blistering Voyage
 55254 | Depths:5 | Noticed the Enchantress
 55266 | Depths:5 | Killed the Enchantress
 55301 | Depths:5 | Got a faerie dragon armour
 55331 | Depths:5 | Identified the +3 faerie dragon armour {Str+2} (You took it off the Enchantress on level 5 of the Depths)
 55505 | Depths:5 | Found a gateway to a ziggurat.
 55677 | Depths:5 | Found a gate to the Realm of Zot.
 55741 | Depths:5 | Gained mutation: You passively map a small area around you. [evolution]
 56130 | Zot:1    | Entered Level 1 of the Realm of Zot
 56139 | Depths:5 | Upgraded the game from 0.19-a0-683-g5f2401d to 0.19-a0-687-g35db334
 56869 | Zot:1    | Reached skill level 23 in Invocations
 57154 | Zot:2    | Noticed an ancient lich
 57178 | Zot:2    | Killed an ancient lich
 59504 | Zot:3    | Noticed an orb of fire
 59504 | Zot:3    | Lost mutation: You have a pair of horns on your head. [an orb of fire]
 59513 | Zot:3    | Gained mutation: Your body sometimes deteriorates upon taking damage. [an orb of fire]
 59515 | Zot:3    | Lost mutation: Your muscles are strong. (Str +2) [an orb of fire]
 59533 | Zot:3    | Killed an orb of fire
 60796 | Zot:4    | Gained mutation: You are robust. (+10% HP) [evolution]
 61090 | Zot:5    | Entered Level 5 of the Realm of Zot
 61216 | Zot:5    | Noticed an ancient lich
 61230 | Zot:5    | Killed an ancient lich
 61450 | Zot:5    | Reached skill level 24 in Invocations
 61670 | Zot:5    | Noticed an orb of fire
 61676 | Zot:5    | Noticed an ancient lich
 61679 | Zot:5    | Lost mutation: Your body sometimes deteriorates upon taking damage. [an orb of fire]
 61685 | Zot:5    | Gained mutation: Your flesh is cold resistant. (rC+) [an orb of fire]
 61688 | Zot:5    | Noticed an ancient lich
 61692 | Zot:5    | Gained mutation: You are dopey. (Int -2) [an orb of fire]
 61694 | Zot:5    | Noticed an ancient lich
 61695 | Zot:5    | Gained mutation: You regenerate slowly when monsters are visible. [an orb of fire]
 61695 | Zot:5    | Killed an ancient lich
 61698 | Zot:5    | Killed an ancient lich
 61703 | Zot:5    | Killed an orb of fire
 61709 | Zot:5    | Noticed an ancient lich
 61710 | Zot:5    | Killed an ancient lich
 61730 | Zot:5    | Killed an ancient lich
 61779 | Zot:5    | Noticed an ancient lich
 61796 | Zot:5    | Killed an ancient lich
 61897 | Zot:5    | Noticed an ancient lich
 61904 | Zot:5    | Killed an ancient lich
 62079 | Zot:5    | Noticed an orb of fire
 62083 | Zot:5    | Gained mutation: Your body sometimes deteriorates upon taking damage. [an orb of fire]
 62094 | Zot:5    | Gained mutation: Your spells are a little easier to cast, but a little less powerful. [an orb of fire]
 62099 | Zot:5    | Gained mutation: You are weak. (Str -2) [an orb of fire]
 62102 | Zot:5    | Killed an orb of fire
 62189 | Zot:5    | Noticed an orb of fire
 62205 | Zot:5    | Gained mutation: You are very dopey. (Int -4) [an orb of fire]
 62210 | Zot:5    | Gained mutation: You occasionally shout uncontrollably at your foes. [an orb of fire]
 62218 | Zot:5    | Gained mutation: Your magical capacity is low. (-10% MP) [an orb of fire]
 62242 | Zot:5    | Killed an orb of fire
 62480 | Zot:5    | Noticed an ancient lich
 62492 | Zot:5    | Killed an ancient lich
 62517 | Zot:5    | Got a translucent golden ring
 62519 | Zot:5    | Identified the ring "Timnuib" {rPois MR+ Int+4 Dex+4} (You found it on level 5 of the Realm of Zot)
 62523 | Zot:5    | Got the Orb of Zot
 62632 | Zot:5    | Noticed an ancient lich
 62646 | Zot:5    | Killed an ancient lich
 62707 | Zot:5    | Noticed an ancient lich
 62734 | Zot:5    | Killed an ancient lich
 62735 | Zot:5    | Noticed Kydghaypt the pandemonium lord
 62842 | Zot:1    | Lost mutation: Your magical capacity is low. (-10% MP) [evolution]
 63191 | Depths:1 | Reached skill level 25 in Invocations
 63210 | Depths:1 | Gained mutation: You sometimes yell uncontrollably at your foes. [a neqoxec]
 63453 | D:6      | Gained mutation: Your body often deteriorates upon taking damage. [a cacodemon]
 63507 | D:4      | Noticed a seraph
 63513 | D:4      | Killed a seraph
 63668 | D:$      | Escaped with the Orb!

Vault maps used:
D:1:      dpeg_arrival_refuge
D:2:      nicolae_overflow_crystal_walls
D:3:      old_standard_altar
D:4:      kennysheep_spiral_hall, first_bread, serial_shops, shop, st_stairs_9,
          uniq_blork_the_orc, uniq_duvessa
D:5:      serial_glass, glass_columns_a, glass_columns_b, uniq_eustachio,
          uniq_edmund
D:6:      old_standard_altar, overflow_temple_1_default, temple_fountains,
          serial_curves, eino_curves_03, eino_curves_02
D:7:      nicolae_qazlal_eye_of_the_storm, grunt_livestock,
          kennysheep_generic_room_16, uniq_crazy_yiuf_cottage
D:8:      minmay_unpleasant_kobolds
D:9:      lemuel_round_altar, slow_altar_1, gammafunk_temple_overflow_forgotten,
          uniq_erica
D:10:     dpeg_oklobed_lair, serial_shops,
          nicolae_shop_temple_entry_statues_fountains, st_stairs_1,
          lightli_fourway_metalbox
D:11:     david_orc_3, lightli_bailey_entry_fortress, uniq_fannar
D:12:     uniq_harold, uniq_maud
D:13:     david_vaults_5, elyvilon_altar_3, uniq_rupert, uniq_azrael
D:14:     minmay_misc_feat_cross, special_room, minmay_misc_feat_square,
          feat_on_display
D:15:     grunt_enter_depths_snipers, nrook_mini_vaults
Temple:   hc_temple_tempest_star
Lair:1:   small_statue_intersection, serial_bayou_shore_a
Lair:2:   beast_lair_carwin_large_4, minmay_swamp_entry_reptiles,
          nicolae_spider_entry_non_spiders, lab_entry_generic,
          serial_bayou_ford_a, uniq_gastronok
Lair:3:   grunt_megastairs_2, lemuel_fruit_fields
Lair:4:   grunt_megastairs_4
Lair:5:   basic_altar, infiniplex_staircase_pool, uniq_josephine
Lair:6:   wormcave, hangedman_lair_caniforms_friends,
          nicolae_slime_entry_slimehenge, bh_autumn_forest_stairs
Swamp:1:  cheibrodos_swamp_tower_of_moss, nicolae_swamp_fairy_circle
Swamp:2:  hangedman_swamp_ruin_wall, infiniplex_staircase_pool_2, uniq_aizul
Swamp:3:  evilmike_swamp_ruin_house_4
Swamp:4:  swamp_basic_johnstein
Spider:1: uniq_louise
Spider:2: uniq_nikola
Spider:4: johnstein_spider_rune_arachne_lair, hangedman_spider_mandibles,
          nicolae_spider_ant_collections
Slime:4:  cheibrodos_slime_lost_civilization_5
Orc:2:    st_orc_open, serial_shops, shop, nooodl_orcs_dogs
Elf:1:    serial_shops, shop, nicolae_shop_trees, shop, spider_trap
Elf:3:    grunt_elf_hall_asides, special_room
Vaults:1: nicolae_vaults_circle_grid_b, vaults_mumra_chevron_long,
          grunt_vaults_funnel, hangedman_vaults_cutoff, v_misc_26,
          grunt_vaults_diagonal
Vaults:2: st_eye, nicolae_vaults_big_ls, ontoclasm_vaults_idyll,
          ontoclasm_vaults_ring_small, nicolae_vaults_sealed_display,
          vaults_mumra_lcd, v_misc_25, nicolae_vaults_network_square,
          vaults_room_pool, ontoclasm_vaults_loading_screen,
          nicolae_vaults_little_squares_6, grunt_vaults_focal
Vaults:3: hangedman_vaults_corner, nicolae_vaults_windows_and_doors_thing,
          vaults_standard_mumra_lines, v_pattern_1,
          nicolae_vaults_specimen_jars, minmay_crypt_entry_simple_walls,
          vaults_room_corners, v_rooms_2, hangedman_vaults_corner_blocks,
          grunt_vaults_bifocal, nicolae_vaults_asterisk, ontoclasm_vaults_twist,
          nicolae_vaults_little_squares_3, serial_shops, shop
Vaults:4: vaults_room_stairs_pillars, grunt_vaults_twisty,
          nicolae_vaults_triangles, ontoclasm_vaults_chip,
          ontoclasm_vaults_shuriken, v_misc_24, v_rooms_3,
          nicolae_vaults_network_quinsquares, nicolae_vaults_angled_halls,
          st_lattice
Vaults:5: uniq_wiglaf
Crypt:1:  small_chamber_with_monster, grunt_crypt_arrival_webbed
Crypt:3:  evilmike_haunted_forest
Depths:1: hangedman_abyss_or_decor_slice, pf_hell_entry_tar_river, serial_shops,
          nicolae_shop_waterfront, pan_entry, ldierk_geyser,
          hangedman_abyss_or_decor_lesser_grid, minivault_22,
          kennysheep_generic_room_15
Depths:2: minmay_central_circle, marbit_kobold_abyss_entry, hell_entry,
          serial_bayou_pond_e, serial_shops, nicolae_shop_behind_doors,
          firewood_loft, minmay_staircase_windowed_large
Depths:3: minmay_concentric_multi, kennysheep_small_spiral, serial_shops, shop,
          hell_entry, rand_demon_pan_entry_7, minmay_staircase_statues
Depths:4: minmay_split_circle, abyss_entry, hell_entry, nicolae_two_hexagons,
          hangedman_cracks_in_the_wall, uniq_mara
Depths:5: grunt_zot_entry_tricorne, enter_ziggurat_e, minmay_parallelograms,
          abyss_entry, hell_entry, uniq_jorgrun, uniq_enchantress
Zot:2:    hangedman_zot_vaults_quadrants
Zot:3:    kennysheep_bubbly
Zot:5:    basic_stair_grate_trap
Bailey:   bailey_polearm_1, bailey

Skill      XL: |  1  2  3  4  5  6  7  8  9 10 11 12 13 14 15 16 17 18 19 20 21 22 23 24 25 26 27 |
---------------+----------------------------------------------------------------------------------+-----
Maces & Flails | 3 4 5 7 9 10 11 12 13 14 15 16 17 18 19 20 22 | 22.1
Armour         | 4 5 6 7 8 9 10 11 12 13 14 15 16 17 18 19 20 21 23 | 23.5
Shields        | 4 5 6 7 8 9 10 11 12 13 14 15 16 17 18 19 20 22 | 22.5
Fighting       | 4 5 6 7 8 9 10 11 12 13 14 15 16 17 18 19 20 22 | 22.8
Invocations    | 4 6 9 11 12 14 15 16 18 19 20 21 22 25 | 25.1
Dodging        | 3 5 7 8 9 13 | 13.0
Evocations     | 4 6 7 8 10 14 | 14.8

Action                   |  1- 3 |  4- 6 |  7- 9 | 10-12 | 13-15 | 16-18 | 19-21 | 22-24 | 25-27 || total
-------------------------+-------+-------+-------+-------+-------+-------+-------+-------+-------++-------
Melee: Flail             |    82 |   132 |   523 |  1114 |  1064 |       |       |   300 |  4243 ||  7458
       Kick              |       |       |    14 |   199 |       |       |       |       |       ||   213
       Eveningstar       |       |       |       |       |   274 |  1516 |  1372 |       |       ||  3162
       Headbutt          |       |       |       |       |   141 |   346 |   324 |   274 |  1594 ||  2679
       Whip              |       |       |       |       |       |       |   205 |  1607 |       ||  1812
       Bite              |       |       |       |       |       |       |       |       |   604 ||   604
Invok: Upheaval          |       |       |       |     3 |       |       |       |     3 |     6 ||    12
       Disaster Area     |       |       |       |       |     1 |     1 |     5 |     6 |     8 ||    21
       Elemental Force   |       |       |       |       |       |       |     4 |     2 |     4 ||    10
 Abil: Fly               |       |       |       |       |     1 |       |     4 |       |     1 ||     6
       Stop Flying       |       |       |       |       |     1 |       |     4 |       |     1 ||     6
       Evoke Berserk Rag |       |       |       |       |       |       |       |     2 |       ||     2
Evoke: Wand              |       |       |       |       |     4 |     1 |     4 |     6 |    19 ||    34
       Lamp of fire      |       |       |       |       |     1 |     2 |       |       |       ||     3
       Box of beasts     |       |       |       |       |       |       |       |     2 |       ||     2
       Phantom mirror    |       |       |       |       |       |       |       |       |     2 ||     2
  Use: Scroll            |       |       |    18 |     7 |    15 |     4 |    15 |    10 |    15 ||    84
       Potion            |       |       |       |     7 |     5 |     1 |     3 |       |     9 ||    25
 Stab: Confused          |       |       |       |       |       |       |     1 |       |     1 ||     2
       Distracted        |       |       |       |       |       |       |     1 |     1 |     3 ||     5
       Petrified         |       |       |       |       |       |       |       |     3 |     1 ||     4
  Eat: Chunk             |       |     5 |    21 |    20 |    30 |    25 |    27 |    77 |    72 ||   277
       Meat ration       |       |       |     1 |       |       |       |       |       |       ||     1
       Fruit             |       |       |       |     2 |     2 |       |     3 |       |    15 ||    22
       Pizza             |       |       |       |       |     2 |     3 |     4 |       |    10 ||    19
       Bread ration      |       |       |       |       |       |       |     1 |       |       ||     1
Armor: Scale mail        |    52 |    60 |   179 |       |       |       |       |       |       ||   291
       Plate armour      |       |       |   179 |   527 |   695 |   965 |    69 |       |       ||  2435
       Crystal plate arm |       |       |       |       |       |       |  1039 |   487 |  1577 ||  3103
Dodge: Dodged            |    29 |    36 |   124 |   156 |   233 |   324 |   222 |   168 |   901 ||  2193
       Deflected         |       |       |       |     7 |     3 |    17 |    19 |    11 |    64 ||   121
Block: Shield            |    49 |    60 |   335 |   899 |  1308 |  1646 |    95 |       |       ||  4392
       Reflection        |       |       |       |    18 |       |       |       |       |       ||    18
       Large shield      |       |       |       |       |       |       |  1257 |  1719 |  5585 ||  8561
       Buckler           |       |       |       |       |       |       |   395 |       |       ||   395
